 Dungeon Crawl Stone Soup version 0.25.1-2-g60ff931df9 (webtiles) character file.

Game seed: 6426656745164249026

113 funkygono the Covered (level 4, -11/40 HPs)
             Began as a Minotaur Fighter on Nov 27, 2020.
             Mangled by an ogre
             ... wielding a +0 giant spiked club
              (26 damage)
             ... on level 3 of the Dungeon.
             The game lasted 00:03:32 (1874 turns).

funkygono the Covered (Minotaur Fighter)            Turns: 1874, Time: 00:03:33

Health: -11/40     AC:  7    Str: 22    XL:     4   Next: 65%
Magic:  3/3        EV:  7    Int:  5    God:
Gold:   70         SH:  9    Dex:  9    Spells: 3/3 levels left

rFire    + . .     SeeInvis .   a - +1 flail
rCold    + . .     Gourm    .   c - +0 kite shield
rNeg     . . .     Faith    .   b - +0 scale mail
rPois    .         Spirit   .   (helmet restricted)
rElec    .         Reflect  .   m - scarf {rC+ rF+}
rCorr    .         Harm     .   (no gloves)
MR       .....                  (no boots)
Stlth    ..........             (no amulet)
HPRegen  0.13/turn              (no ring)
MPRegen  0.08/turn              (no ring)

@: no status effects
A: retaliatory headbutt, horns 2
a: no special abilities


You were on level 3 of the Dungeon.
You were not hungry.

You visited 1 branch of the dungeon, and saw 3 of its levels.

You collected 70 gold pieces.

Inventory:

Hand Weapons
 a - a +1 flail (weapon)
 p - a cursed +0 quarterstaff
Missiles
 e - 23 poisoned darts (quivered)
 h - a throwing net
 n - 34 stones
Armour
 b - a +0 scale mail (worn)
 c - a +0 kite shield (worn)
 m - a scarf of resistance (worn)
Scrolls
 j - a scroll of immolation
 l - 2 scrolls of magic mapping
 o - a scroll of identify
Potions
 d - a potion of might
 i - a potion of degeneration {unknown}
 k - 3 potions of stabbing
Comestibles
 f - 7 rations
 g - 8 chunks of flesh


   Skills:
 + Level 4.2 Fighting
 + Level 3.6 Maces & Flails
 + Level 1.8 Throwing
 + Level 4.3 Armour
 + Level 0.5 Dodging
 + Level 4.2 Shields


You had 3 spell levels left.
You didn't know any spells.
Your spell library was empty.

Dungeon Overview and Level Annotations

Branches:
Dungeon (3/15)

Altars:


Innate Abilities, Weirdness & Mutations

You reflexively headbutt those who attack you in melee.
You have a pair of horns on your head.


Message History

Throwing (i - inventory. (/) - cycle)
e - 24 poisoned darts (quivered)
Press: ? - help, Shift-Dir - straight line, f/p - ogre
Aim: an ogre, wielding a +0 giant spiked club (lightly wounded, very poisoned)
You throw a poisoned dart. The poisoned dart hits the ogre.
The ogre looks even sicker.
The ogre is lightly wounded.
An orc comes into view. It is wielding a +0 hand axe.
You see here a viscous yellow potion.
You hit the ogre but do no damage.
The ogre is lightly wounded.
A bat comes into view.
The ogre hits you with a +0 giant spiked club!!
Ouch! That really hurt!
An orc comes into view. It is wielding a +0 flail.
The bat moves out of view.
You hit the ogre.
The ogre is lightly wounded.
The ogre hits you with a +0 giant spiked club!!
Ouch! That really hurt!
You die...

#.#
#.#
#.#
#.#
#.#
#.#
#.#
#.#
#@#
#O#
..#
.(##
.#(
≈≈≈o
##
#'
§o


You could see an ogre (very poisoned) and 2 orcs.

Vanquished Creatures
  Ijyb (D:3)
  2 adders
  2 oozes
  3 worms (D:2)
  A leopard gecko (D:2)
  An orc (D:3)
  2 giant cockroaches
  4 goblins (D:2)
  6 hobgoblins
  9 jackals (D:1)
  5 bats
  2 frilled lizards
  4 kobolds
  9 rats
51 creatures vanquished.

Notes
Turn   | Place    | Note
-------+----------+-------------------------------------------
     0 | D:1      | funkygono the Minotaur Fighter began the quest for the Orb.
     0 | D:1      | Reached XP level 1. HP: 19/19 MP: 0/0
   110 | D:1      | Reached XP level 2. HP: 22/27 MP: 1/1
   711 | D:1      | Reached XP level 3. HP: 33/33 MP: 2/2
  1249 | D:2      | Reached skill level 1 in Throwing
  1309 | D:2      | Reached XP level 4. HP: 40/40 MP: 3/3
  1644 | D:3      | Noticed Ijyb
  1684 | D:3      | Killed Ijyb
  1867 | D:3      | Noticed an ogre
  1874 | D:3      | Mangled by an ogre

Illustrated notes

Levels and vault maps discovered:
D:1:      wander_arrival_peaceful_grave, layout_basic
D:2:      layout_loops_ring
D:3:      layout_loops_ring, lightli_temple_of_fire, minivault_19,
          kennysheep_pointless_box, uniq_ijyb, uniq_grinder, uniq_robin

Skill      XL: |  1  2  3 |
---------------+----------+-----
Fighting       | 4 |  4.2
Armour         | 4 |  4.3
Shields        | 4 |  4.2
Maces & Flails | 3 |  3.6
Throwing       | 1 |  1.8
Dodging        | |  0.5

Action                   |  1- 3 |  4- 6 || total
-------------------------+-------+-------++-------
Melee: Flail             |    77 |    28 ||   105
       Headbutt          |     9 |     3 ||    12
       Unarmed           |       |    26 ||    26
Throw: Dart              |    62 |     8 ||    70
  Use: Scroll            |       |     5 ||     5
  Eat: Chunk             |     1 |     2 ||     3
Armor: Scale mail        |    42 |     9 ||    51
Dodge: Dodged            |    19 |    16 ||    35
Block: Kite shield       |    34 |     7 ||    41
